 Dungeon Crawl Stone Soup version 0.28-a0-802-g09f76e8c00 (webtiles) character file.

Game seed: 9261311827263673223

14553 croobank the Cleaver (level 11, -2/99 HPs)
             Began as a Minotaur Berserker on Nov 6, 2021.
             Was an Elder of Trog.
             Slain by a two-headed ogre (9 damage)
             ... on level 2 of the Orcish Mines.
             The game lasted 01:20:30 (9544 turns).

croobank the Cleaver (Minotaur Berserker)           Turns: 9544, Time: 01:20:31

Health: -2/99      AC: 16    Str: 28    XL:     11   Next: 90%
Magic:  0/10       EV: 10    Int:  2    God:    Trog [****..]
Gold:   1438       SH:  0    Dex:  9    Spells: 10/10 levels left

rFire   . . .      SeeInvis .   F - +2 hand axe (vorpal)
rCold   + + .      Faith    .   (no shield)
rNeg    . . .      Spirit   +   P - +2 chain mail {rF+}
rPois   .          Reflect  .   j - +1 hat
rElec   .          Harm     .   (no cloak)
rCorr   +          Rampage  .   (no gloves)
Will    .....                   p - +0 pair of boots
Stlth   ..........              H - amulet of the Three Runes {Spirit Regen+ rCorr Str+4}
HPRegen 1.26/turn               N - ring of ice
MPRegen 0.12/turn               X - ring of protection from cold

@: on berserk cooldown, slowed, very slow
A: horns 2, retaliatory headbutt, clumsy 1, dopey 1, low mp 1
a: Renounce Religion, Berserk, Trog's Hand, Brothers in Arms


You were on level 2 of the Orcish Mines.
You worshipped Trog.
Trog was greatly pleased with you.
You visited 3 branches of the dungeon, and saw 12 of its levels.
You also visited: Ossuary.

You collected 1438 gold pieces.

Inventory:

Hand Weapons
 a - a +1 hand axe of distortion
 t - a +0 short sword of protection
 F - a +2 vorpal hand axe (weapon)
 K - a +4 trident
 O - a +0 shortbow
 V - a +1 antimagic long sword
 Y - a +4 spear of distortion
Missiles
 c - 374 stones
 e - 23 poisoned darts (quivered)
 f - 109 arrows
 n - 5 javelins
 y - 75 bolts
 W - 11 boomerangs
Armour
 b - a scarf of shadows
 j - a +1 hat (worn)
 p - a +0 pair of boots (worn)
 r - a +0 plate armour
 P - a +2 chain mail of fire resistance (worn)
Magical Staves
 w - a staff of poison
Jewellery
 h - a ring of flight
 B - an amulet of faith
 H - the amulet of the Three Runes (around neck) {Spirit Regen+ rCorr Str+4}
   (You acquired it on level 8 of the Dungeon)

   [amulet of guardian spirit]

   It causes incoming damage to be divided between your reserves of health and
   magic.
   Str:       It affects your strength (+4).
   Regen:     It increases your rate of health regeneration.
   rCorr:     It protects you from acid and corrosion.
 J - an amulet of regeneration
 N - a ring of ice (left hand)
 X - a ring of protection from cold (right hand)
Wands
 z - a wand of polymorph (11)
 C - a wand of charming (5)
 Q - a wand of digging (4)
 S - a wand of mindburst (10)
Scrolls
 d - 5 scrolls of teleportation
 i - a scroll of immolation {unknown}
 l - 2 scrolls of enchant armour {unknown}
 o - 2 scrolls of amnesia {unknown}
 q - a scroll of enchant weapon {unknown}
 u - a scroll of silence {unknown}
 A - a scroll of brand weapon {unknown}
 D - a scroll of magic mapping {unknown}
 E - a scroll of vulnerability {unknown}
 I - a scroll of fear
 L - a scroll of holy word {unknown}
 Z - a scroll of summoning {unknown}
Potions
 g - 4 potions of curing
 k - 2 potions of resistance
 m - a potion of cancellation {unknown}
 s - 3 potions of might
 v - a potion of heal wounds
 x - a potion of degeneration {unknown}
 G - 3 potions of lignification
 M - 3 potions of magic
 R - a potion of brilliance {unknown}
 T - a potion of attraction {unknown}
 U - 3 potions of invisibility {unknown}


   Skills:
 + Level 9.8 Fighting
 + Level 2.3(3.4) Short Blades
 + Level 4.2(4.6) Long Blades
 + Level 12.4(13.2) Axes
 + Level 6.3(10.4) Maces & Flails
 + Level 3.4(9.0) Polearms
 + Level 2.6(5.4) Staves
 + Level 2.3(4.6) Slings
 + Level 3.0 Bows
 + Level 2.3 Crossbows
 + Level 5.7(5.9) Throwing
 + Level 10.5 Armour
 + Level 5.2 Dodging
 + Level 2.3 Stealth
 + Level 2.6 Shields
 + Level 2.3 Unarmed Combat
 + Level 2.1 Invocations
 + Level 2.2 Evocations


You had 10 spell levels left.
You didn't know any spells.
Your spell library contained the following spells:

 Spells                   Type           Power      Damage    Failure   Level
 Beastly Appendage        Tmut           0%         N/A       95%         1
 Sandblast                Erth           0%         2d4       95%         1
 Passwall                 Tmut/Erth      0%         N/A       99%         2
 Wereblood                Tmut           0%         N/A       99%         2
 Spider Form              Tmut/Pois      0%         N/A       100%        3
 Stone Arrow              Conj/Erth      0%         3d7       100%        3
 Animate Dead             Necr           0%         N/A       100%        4
 Borgnjor's Vile Clutch   Necr/Erth      0%         N/A       100%        5
 Summon Forest            Summ/Tloc      0%         N/A       100%        5
 Summon Mana Viper        Hex/Summ       0%         N/A       100%        5
 Death Channel            Necr           0%         N/A       100%        6
 Summon Cactus Giant      Summ           0%         N/A       100%        6


Dungeon Overview and Level Annotations

Branches:
Dungeon (9/15)             Temple (1/1) D:4             Orc (2/2) D:9
Ossuary (visited)
   Lair: D:8-11         Elf: Orc:2

Altars:
Ashenzari
Cheibriados
Dithmenos
Elyvilon
Fedhas
Gozag
Hepliaklqana
Kikubaaqudgha
Makhleb
Nemelex Xobeh
Okawaru
Qazlal
Ru
Sif Muna
Trog
Uskayaw
Vehumet
Wu Jian
Xom
Zin
The Shining One

Annotations:
Abyss:1 Duvessa; Grinder; Twinkles's ghost, journeyman HuBe


Innate Abilities, Weirdness & Mutations

You have a pair of horns on your head.
You reflexively headbutt those who attack you in melee.
You are clumsy. (Dex -2)
You are dopey. (Int -2)
Your magical capacity is low. (-10% MP)


Message History

The two-headed ogre completely misses you.
The two-headed ogre barely misses you.
The two-headed ogre hits you but does no damage.
The two-headed ogre hits you with a +0 giant club!
The ogre hits you with a +0 giant spiked club!
The two-headed ogre hits you with a +0 dire flail.
The two-headed ogre closely misses you.
There is a stone staircase leading up, spattered with blood here.
A red film seems to cover your vision as you go berserk!
You feel yourself moving faster!
You feel mighty! The ogre hits you with a +0 giant club!
The two-headed ogre hits you with a +0 giant spiked club!!
The two-headed ogre hits you with a +0 giant club!
The ogre closely misses you.
You slash the two-headed ogre!
The two-headed ogre is moderately wounded.
You hit the ogre. You closely miss the two-headed ogre. You slash the ogre!
The two-headed ogre hits you with a +0 dire flail.
The two-headed ogre hits you with a +0 giant club!
The ogre hits you with a +0 giant club!
* * * LOW HITPOINT WARNING * * *
You closely miss the two-headed ogre.
The two-headed ogre is moderately wounded.
You hit the ogre. You slash the two-headed ogre! You slash the ogre!
The two-headed ogre hits you with a +0 giant spiked club!!
* * * LOW HITPOINT WARNING * * *
The two-headed ogre hits you with a +0 giant club.
* * * LOW HITPOINT WARNING * * *
You are too berserk!
Okay, then.
You are too berserk!
You feel a strong urge to attack something.
You feel your anger nearly subside.
You are no longer berserk.
You are exhausted.
You feel yourself slow down.
The two-headed ogre hits you with a +0 dire flail!
* * * LOW HITPOINT WARNING * * *
The two-headed ogre hits you with a +0 giant club!
You die...

.#.....................
.....................# #.....
.....................# .....#
...##....#.O..#.....# ..#..#
............O.....## ###......
.........<...O.....###........
....................#.........
..........#....O...............
##..............@...........#.#
..............................##
.........##....................#
...#.....##........#......##..##
..##....#.#....................#
#####..........................#
.# ###.........^.............##
## #........................## #
##.#......................#


You could see 2 two-headed ogres and 2 ogres.

Vanquished Creatures
  Fannar (Orc:1)
  A boulder beetle (D:6)
  4 two-headed ogres
  Pikel (D:5)
  An ugly thing (D:7)
  The ghost of FludoriRambler the Skirmisher, an amateur BaIE (D:6)
  6 yaks (D:9)
  Eustachio (D:4)
  A steam dragon (D:8)
  A vampire mosquito (D:6)
  3 wargs
  A water moccasin (D:7)
  2 ice beasts
  A black bear (D:4)
  9 orc warriors
  3 necrophages
  5 ogres
  2 sky beasts (D:6)
  A phantom (D:7)
  A centaur (D:7)
  2 kobold brigands
  2 lemures (D:5)
  A bullfrog (D:6)
  A gnoll sergeant (D:8)
  A scorpion (D:6)
  Dowan (D:5)
  8 killer bees
  5 wights (D:9)
  4 howler monkeys
  An electric eel (Orc:1)
  A bullfrog zombie (D:6)
  A centaur zombie (D:5)
  13 orc priests
  2 jellies (D:6)
  A gnoll shaman (D:8)
  2 hounds
  2 iguanas
  10 orc wizards
  A killer bee zombie (D:6)
  A hound skeleton (D:5)
  6 mummies (Ossuary)
  A howler monkey zombie (D:8)
  8 gnolls
  9 adders
  2 shadow imps (D:6)
  An adder skeleton (D:5)
  3 worms
  5 dart slugs
  46 orcs
  10 ball pythons
  7 endoplasms
  4 giant cockroaches
  6 goblins
  4 hobgoblins
  6 jackals
  A quokka (D:2)
  3 bats
  3 gnoll zombies (Ossuary)
  8 kobolds
  2 kobold zombies (Ossuary)
  3 orc zombies (Ossuary)
  7 rats
251 creatures vanquished.

Vanquished Creatures (collateral kills)
  A hydra (D:7)
  A wraith (D:7)
  An orc warrior (D:7)
  2 gnolls (D:8)
5 creatures vanquished.

Vanquished Creatures (others)
  4 kobolds (D:8)
  2 plants (D:4)
6 creatures vanquished.

Grand Total: 262 creatures vanquished

Notes
Turn   | Place    | Note
-------+----------+-------------------------------------------
     0 | D:1      | croobank the Minotaur Berserker began the quest for the
                  | Orb.
     0 | D:1      | Reached XP level 1. HP: 19/19 MP: 0/0
   268 | D:1      | Reached XP level 2. HP: 3/27 MP: 1/1
   635 | D:1      | Found a faded altar of an unknown god.
   868 | D:2      | Reached XP level 3. HP: 31/34 MP: 2/2
   966 | D:2      | Reached ** piety under Trog
  1183 | D:2      | Reached XP level 4. HP: 41/41 MP: 3/3
  1457 | D:3      | Reached skill level 5 in Maces & Flails
  1461 | D:3      | You fall into a shaft and drop 1 floor!
  1461 | D:4      | Found a staircase to the Ecumenical Temple.
  2118 | D:4      | Reached XP level 5. HP: 40/47 MP: 4/4
  2123 | D:4      | Reached skill level 1 in Throwing
  2213 | D:4      | Reached skill level 1 in Long Blades
  2258 | D:4      | Noticed a black bear
  2264 | D:4      | Killed a black bear
  2265 | D:4      | Reached XP level 6. HP: 47/55 MP: 5/5
  2339 | D:4      | Reached skill level 5 in Fighting
  2373 | D:4      | Noticed Eustachio
  2384 | D:4      | Killed Eustachio
  2385 | D:4      | Reached skill level 1 in Axes
  2471 | D:4      | Reached *** piety under Trog
  2472 | D:4      | Reached XP level 7. HP: 48/61 MP: 6/6
  2660 | Temple   | Entered the Ecumenical Temple
  2894 | D:4      | Reached skill level 2 in Axes
  3098 | D:4      | Found a hide-covered altar of Uskayaw.
  3210 | D:5      | Entered Level 5 of the Dungeon
  3221 | D:5      | Noticed Grinder
  3230 | D:5      | Banished Grinder
  3231 | D:5      | Reached skill level 3 in Axes
  3231 | D:5      | Reached skill level 5 in Armour
  3327 | D:5      | Reached skill level 4 in Axes
  3366 | D:5      | Reached XP level 8. HP: 53/70 MP: 7/7
  3366 | D:5      | Noticed Duvessa
  3366 | D:5      | Noticed Dowan
  3424 | D:5      | Reached skill level 5 in Axes
  3431 | D:5      | Banished Duvessa
  3436 | D:5      | Killed Dowan
  3608 | D:5      | Noticed Pikel
  3628 | D:5      | Killed Pikel
  3629 | D:5      | Reached skill level 7 in Axes
  3883 | D:5      | Reached skill level 8 in Axes
  3883 | D:5      | Reached skill level 1 in Evocations
  3883 | D:5      | Reached XP level 9. HP: 79/79 MP: 7/9
  3938 | D:5      | Found an ornate altar of the Wu Jian Council.
  4153 | D:6      | Reached skill level 5 in Throwing
  4453 | D:6      | Reached XP level 10. HP: 67/86 MP: 10/10
  4601 | D:6      | Found a large runed translucent door.
  4601 | D:6      | Found a large runed translucent door.
  4602 | D:6      | Noticed FludoriRambler's ghost (amateur BaIE)
  4621 | D:6      | Killed FludoriRambler's ghost
  4622 | D:6      | Reached skill level 9 in Axes
  5034 | D:6      | Reached **** piety under Trog
  5054 | D:6      | Noticed a boulder beetle
  5157 | D:6      | Killed a boulder beetle
  5960 | D:7      | Found a sand-covered staircase.
  6016 | D:7      | Noticed a green ugly thing
  6039 | D:7      | Killed a green ugly thing
  6040 | D:7      | Reached skill level 10 in Axes
  6074 | Ossuary  | Entered an ossuary
  6521 | D:7      | Reached ***** piety under Trog
  6693 | D:7      | Found a runed translucent gate.
  6693 | D:7      | Found a runed translucent gate.
  6693 | D:7      | Found a runed translucent gate.
  6695 | D:7      | Found an opulent altar of Gozag.
  6698 | D:7      | Noticed Twinkles's ghost (journeyman HuBe)
  6698 | D:7      | Noticed an eight-headed hydra
  6705 | D:7      | Banished Twinkles's ghost
  6705 | D:7      | Killed a nine-headed hydra
  6706 | D:7      | Reached XP level 11. HP: 83/95 MP: 11/11
  6802 | D:8      | Reached skill level 5 in Dodging
  7085 | D:8      | Reached skill level 11 in Axes
  8284 | D:8      | Identified 2 scrolls of acquirement
  8284 | D:8      | Acquired the amulet of the Three Runes {Spirit Regen+ rCorr
                  | Str+4}
  8297 | D:8      | Acquired a +0 vorpal battleaxe
  8299 | D:8      | Gained mutation: You are clumsy. (Dex -2) [mutagenic glow]
  8314 | D:8      | Gained mutation: Your magical capacity is low. (-10% MP)
                  | [mutagenic glow]
  8341 | D:8      | Gained mutation: You are dopey. (Int -2) [mutagenic glow]
  8591 | D:9      | Found a shadowy altar of Dithmenos.
  8596 | D:9      | Found a white marble altar of Elyvilon.
  8766 | D:9      | Found a staircase to the Orcish Mines.
  8853 | Orc:1    | Entered Level 1 of the Orcish Mines
  9032 | Orc:2    | Entered Level 2 of the Orcish Mines
  9258 | Orc:2    | Noticed a two-headed ogre
  9261 | Orc:2    | Noticed a two-headed ogre
  9261 | Orc:2    | Noticed a two-headed ogre
  9262 | Orc:2    | Noticed a two-headed ogre
  9269 | Orc:2    | Noticed a two-headed ogre
  9270 | Orc:2    | Noticed a two-headed ogre
  9271 | Orc:2    | Noticed a two-headed ogre
  9295 | Orc:2    | Killed a two-headed ogre
  9301 | Orc:1    | Noticed Fannar
  9302 | Orc:1    | Killed a two-headed ogre
  9303 | Orc:1    | Reached skill level 10 in Armour
  9303 | Orc:1    | Killed a two-headed ogre
  9303 | Orc:1    | Killed a two-headed ogre
  9304 | Orc:1    | Reached skill level 12 in Axes
  9343 | Orc:1    | Killed Fannar
  9535 | Orc:2    | HP: 7/148 [two-headed ogre (25)]
  9544 | Orc:2    | Slain by a two-headed ogre

Illustrated notes

Levels and vault maps discovered:
D:1:      zaba_arrival_water, layout_rooms, basic_ecumenical_altar,
          minmay_misc_feat_encased, serial_bayou_pond_d,
          chequers_serial_rivers_marsh
D:2:      layout_rooms, grunt_ministairs_1
D:3:      layout_rooms
D:4:      layout_gridville, nicolae_overflow_crystal_walls,
          minmay_temple_entry_gardened_gates, kennysheep_another_room,
          minmay_misc_feat_nine_boxes, uniq_eustachio
D:5:      layout_cave_pools, nzn_wu_jian_contemplation, grunt_ministairs_2,
          minivault_26, uniq_duvessa, uniq_grinder, uniq_pikel
D:6:      minmay_chambers_of_fours, layout_loops_cross,
          ebering_ghost_disaster_area
D:7:      layout_basic, ebering_ghost_gozag,
          nicolae_ossuary_entry_false_entrances, chequers_serial_rivers_micro_e
D:8:      layout_loops_cross
D:9:      layout_rooms, chequers_temple_overflow_statue_of_worship,
          david_orc_1_choice
Temple:   minmay_crystal_spiral_temple
Orc:1:    layout_caves, nicolae_orc_sculptors_studio,
          nicolae_orc_flooded_monolith, uniq_fannar, uniq_erica
Orc:2:    st_orc_ogre_mass, layout_caves, nicolae_orc_crystal_geode

Skill      XL: |  1  2  3  4  5  6  7  8  9 10 11 |
---------------+----------------------------------+-----
Fighting       | 4 5 7 8 9 |  9.8
Maces & Flails | 4 5 6 |  6.3
Armour         | 3 4 5 6 7 8 10 | 10.5
Throwing       | 1 2 3 4 5 |  5.7
Long Blades    | 1 2 3 4 |  4.2
Dodging        | 3 4 5 |  5.2
Axes           | 1 4 8 10 12 | 12.4
Short Blades   | 2 |  2.3
Polearms       | 3 |  3.4
Staves         | 2 |  2.6
Slings         | 2 |  2.3
Bows           | 3 |  3.0
Crossbows      | 2 |  2.3
Stealth        | 2 |  2.3
Shields        | 2 |  2.6
Unarmed Combat | 2 |  2.3
Invocations    | 2 |  2.1
Evocations     | 1 2 |  2.2

Action                   |  1- 3 |  4- 6 |  7- 9 | 10-12 || total
-------------------------+-------+-------+-------+-------++-------
Melee: Mace              |    57 |    20 |       |       ||    77
       Headbutt          |     7 |    12 |    13 |   103 ||   135
       Long sword        |       |    46 |       |       ||    46
       Hand axe          |       |    34 |    98 |   487 ||   619
       Punch             |       |       |       |     4 ||     4
Throw: Stone             |    25 |     2 |       |       ||    27
       Javelin           |       |    19 |       |       ||    19
       Boomerang         |       |     5 |       |       ||     5
       Dart              |       |     3 |    22 |    28 ||    53
Invok: Berserk           |       |       |     2 |     5 ||     7
       Brothers in Arms  |       |       |       |     1 ||     1
Evoke: Wand              |       |       |       |     7 ||     7
  Use: Scroll            |     1 |     2 |     4 |     6 ||    13
       Potion            |       |     1 |     1 |     5 ||     7
Armor: Animal skin       |     9 |       |       |       ||     9
       Scale mail        |     5 |    42 |       |       ||    47
       Chain mail        |       |    26 |    41 |   196 ||   263
Dodge: Dodged            |    38 |    64 |    33 |   180 ||   315

Table legend: (Time is in decaauts)
 A = Elapsed time spent in this place.
 B = Non-inter-level travel time spent in this place.
 C = Inter-level travel time spent in this place.
 D = Time resting spent in this place.
 E = Time spent auto-exploring this place.
 F = Levels seen in this place.
 G = Mean time per level.
                   A        B        C        D        E       F      G
               +--------+--------+--------+--------+--------+-----+--------+
         Total |   9495 |   9238 |    257 |   1472 |   4678 |  13 |  730.4 |
       Dungeon |   8274 |   8122 |    152 |   1405 |   4153 |   9 |  919.3 |
        Temple |    211 |    127 |     84 |      0 |    110 |   1 |  211.0 |
  Orcish Mines |    675 |    655 |     20 |     14 |    252 |   2 |  337.5 |
       Ossuary |    334 |    334 |      0 |     53 |    163 |   1 |  334.0 |
               +--------+--------+--------+--------+--------+-----+--------+

Top non-repeatable levels by time:
     D:8: 1696 daAuts
     D:6: 1222 daAuts
     D:7: 1045 daAuts
     D:5: 943 daAuts
     D:4: 919 daAuts
     D:1: 865 daAuts
     D:3: 676 daAuts
     D:2: 593 daAuts
   Orc:1: 408 daAuts
 Ossuary: 334 daAuts
     D:9: 312 daAuts
   Orc:2: 267 daAuts
  Temple: 211 daAuts
